 Dungeon Crawl Stone Soup version 0.29.0-4-gdea44cf6ec (webtiles) character file.

Game seed: 14950215898046046236

86 qw the Chopper (level 4, -4/26 HPs)
             Began as a Tengu Warper on Aug 28, 2022.
             Slain by Natasha (7 damage)
             ... on level 3 of the Dungeon.
             The game lasted 00:00:13 (2553 turns).

qw the Chopper (Tengu Warper)                       Turns: 2553, Time: 00:00:14

Health: -4/26      AC:  6    Str: 13    XL:     4   Next: 50%
Magic:  8/8        EV:  9    Int: 14    God:
Gold:   155        SH:  0    Dex: 13    Spells: 7/7 levels left

rFire   . . .      SeeInvis .   Y - +1 hand axe
rCold   . . .      Faith    .   (no shield)
rNeg    . . .      Spirit   .   d - +0 scale mail
rPois   .          Reflect  .   (helmet restricted)
rElec   .          Harm     .   (no cloak)
rCorr   .          Rampage  .   (no gloves)
Will    .....                   (boots unavailable)
Stlth   ..........              (no amulet)
HPRegen 0.08/turn               (no ring)
MPRegen 0.11/turn               (no ring)

@: no status effects
A: beak, talons 3
a: no special abilities


You were on level 3 of the Dungeon.
You visited 1 branch of the dungeon, and saw 3 of its levels.

You collected 155 gold pieces.


Innate Abilities, Weirdness & Mutations

You have a beak for a mouth.
You have claws for feet.


   Skills:
 - Level 2.0 Fighting
 + Level 5.1 Axes
 - Level 1.0 Throwing
 - Level 1.1 Armour
 - Level 2.1 Dodging
 - Level 2.0 Spellcasting
 - Level 2.4 Translocations


You had 7 spell levels left.
You didn't know any spells.
Your spell library contained the following spells:

 Spells                   Type           Power      Damage    Failure   Level
 Blink                    Tloc           16%        N/A       54%         2
 Gell's Gravitas          Tloc           8%         N/A       78%         3
 Lesser Beckoning         Tloc           8%         N/A       78%         3
 Teleport Other           Tloc           8%         N/A       78%         3
 Manifold Assault         Tloc           8%         N/A       100%        5

Inventory:

Hand Weapons
 a - a +0 flail
 Y - a +1 hand axe (weapon)
Missiles
 i - 5 boomerangs (quivered)
Armour
 d - a +0 scale mail (worn)
Potions
 e - a potion of curing {unknown}
 g - a potion of mutation {unknown}

Dungeon Overview and Level Annotations

Branches:
Dungeon (3/15)

Altars:

Shops:
D:1 [

Annotations:
D:3 Natasha


Message History

A hobgoblin comes into view.
It is wielding a +1 whip of venom and carrying a wand of mindburst (16).
The hobgoblin shouts!
Natasha, Servant of Life and Death comes into view.
Natasha hisses angrily.
The hobgoblin hits you with a +1 whip of venom.
You are poisoned.
You hit the hobgoblin. You peck the hobgoblin.
You kill the hobgoblin!
You feel sick.
You closely miss Natasha.
You feel sick. Natasha claws you.
You barely miss Natasha.
You feel sick. Natasha claws you but does no damage.
You hit Natasha. You claw Natasha.
Natasha is moderately wounded.
You feel sick. Natasha claws you.
You closely miss Natasha. You claw Natasha.
Natasha is heavily wounded.
You feel sick. Natasha claws you.
You barely miss Natasha. Your peck misses Natasha.
Natasha is heavily wounded.
You feel sick. Natasha barely misses you.
You barely miss Natasha.
Natasha is heavily wounded.
You feel sick.
You are no longer poisoned.
Natasha claws you.
You miss Natasha. Your kick misses Natasha. Your peck misses Natasha.
Natasha is heavily wounded.
Natasha barely misses you.
You hit Natasha.
Natasha is severely wounded.
Natasha casts a spell.
You miss Natasha. You claw Natasha.
Natasha is almost dead.
Natasha drinks a potion.
Natasha is healed!
You hit Natasha. You claw Natasha.
Natasha is heavily wounded.
Natasha claws you!
You die...

..#
..#
#.#
#.#
#.#
#5#
#h#
#@#
#.#
#.#
#.#
#.#
#%#
#.#
#.#
#.#


You could see Natasha and a crimson imp (summoned).

Vanquished Creatures
  Natasha (D:3)
  An adder (D:1)
  A dart slug (D:1)
  6 endoplasms
  5 goblins
  4 hobgoblins
  6 jackals
  2 kobolds
  8 ball pythons
  3 bats
  5 frilled lizards
  4 rats
46 creatures vanquished.

Notes
Turn   | Place    | Note
-------+----------+-------------------------------------------
     0 | D:1      | qw the Tengu Warper began the quest for the Orb.
     0 | D:1      | Reached XP level 1. HP: 12/12 MP: 4/4
     0 | D:1      | 0 ||| qw: Version: 0.1-a-89-g26bdef1
     0 | D:1      | 0 ||| qw: Game counter: 1971
     0 | D:1      | 0 ||| qw: Always use a shield: true
     0 | D:1      | 0 ||| qw: God list: Okawaru
     0 | D:1      | 0 ||| qw: Allow faded altars: false
     0 | D:1      | 0 ||| qw: Do Orc after D:15 true
     0 | D:1      | 0 ||| qw: Do second Lair branch before Depths: true
     0 | D:1      | 0 ||| qw: Lair rune preference: random
     0 | D:1      | 0 ||| qw: Plans: Normal
     0 | D:1      | 0 ||| PLANNING D:1-11
   132 | D:1      | Reached XP level 2. HP: 13/17 MP: 6/6
   218 | D:1      | Reached skill level 3 in Axes
   817 | D:1      | Found Cenwidgh's Antique Armour Shoppe.
   822 | D:1      | 822 ||| DROPPING +0 club.
   827 | D:1      | 827 ||| SHOPLISTING embroidered cloak (120 gold, have 34).
   827 | D:1      | 827 ||| SHOPLISTING pair of gloves (72 gold, have 34).
   827 | D:1      | 827 ||| SHOPLISTING ring mail (64 gold, have 34).
   827 | D:1      | 827 ||| SHOPLISTING scale mail (64 gold, have 34).
   942 | D:1      | Reached XP level 3. HP: 18/21 MP: 7/7
  1351 | D:1      | 1351 ||| READING scroll labelled ZOZXOKIAFO.
  1352 | D:1      | 1352 ||| READING scroll labelled BOIN ZOATOOKAI.
  1353 | D:1      | 1353 ||| READING 2 scrolls labelled VAEVOU NELAYNU.
  1354 | D:1      | 1354 ||| DROPPING scroll of blinking.
  1355 | D:1      | 1355 ||| DROPPING scroll of vulnerability.
  1380 | D:2      | 1380 ||| STAIRDANCE
  1386 | D:1      | Reached skill level 4 in Axes
  1414 | D:2      | 1414 ||| DROPPING +0 mace.
  1663 | D:2      | 1663 ||| FLEEEEING.
  1664 | D:2      | 1664 ||| FLEEEEING.
  1665 | D:2      | 1665 ||| FLEEEEING.
  1666 | D:2      | 1666 ||| FLEEEEING.
  1667 | D:2      | 1667 ||| FLEEEEING.
  1668 | D:2      | 1668 ||| FLEEEEING.
  1669 | D:2      | 1669 ||| FLEEEEING.
  1670 | D:2      | 1670 ||| FLEEEEING.
  1676 | D:2      | 1676 ||| Stepping ~*~*~tactically~*~*~ (hiding).
  1678 | D:2      | 1678 ||| Stepping ~*~*~tactically~*~*~ (hiding).
  1784 | D:2      | 1784 ||| Stepping ~*~*~tactically~*~*~ (stealth).
  1785 | D:2      | 1785 ||| Stepping ~*~*~tactically~*~*~ (stealth).
  1797 | D:2      | 1797 ||| Stepping ~*~*~tactically~*~*~ (stealth).
  1833 | D:2      | Found a faded altar of an unknown god.
  1903 | D:2      | 1903 ||| Stepping ~*~*~tactically~*~*~ (stealth).
  1909 | D:2      | Reached XP level 4. HP: 26/26 MP: 8/8
  1963 | D:2      | 1963 ||| UPGRADING to +0 scale mail.
  1973 | D:2      | 1973 ||| DROPPING +0 leather armour.
  1974 | D:2      | 1974 ||| READING scroll labelled EDIAKYEKHLI.
  1975 | D:2      | 1975 ||| READING scroll labelled KEMIKKU YTYOCI.
  1976 | D:2      | 1976 ||| READING scroll labelled FIGIDU LUWENOPT.
  2003 | D:3      | Noticed Natasha
  2004 | D:3      | 2004 ||| Stepping ~*~*~tactically~*~*~ (hiding).
  2013 | D:3      | Killed Natasha
  2014 | D:3      | Reached skill level 5 in Axes
  2294 | D:3      | 2294 ||| FLEEEEING.
  2295 | D:3      | 2295 ||| FLEEEEING.
  2296 | D:3      | 2296 ||| FLEEEEING.
  2297 | D:3      | 2297 ||| FLEEEEING.
  2298 | D:3      | 2298 ||| FLEEEEING.
  2299 | D:3      | 2299 ||| FLEEEEING.
  2300 | D:3      | 2300 ||| FLEEEEING.
  2301 | D:3      | 2301 ||| FLEEEEING.
  2302 | D:3      | 2302 ||| FLEEEEING.
  2303 | D:3      | 2303 ||| FLEEEEING.
  2304 | D:3      | 2304 ||| FLEEEEING.
  2305 | D:3      | 2305 ||| FLEEEEING.
  2306 | D:3      | 2306 ||| FLEEEEING.
  2307 | D:3      | 2307 ||| FLEEEEING.
  2308 | D:3      | 2308 ||| FLEEEEING.
  2309 | D:3      | 2309 ||| FLEEEEING.
  2316 | D:3      | 2316 ||| FLEEEEING.
  2317 | D:3      | 2317 ||| FLEEEEING.
  2318 | D:3      | 2318 ||| FLEEEEING.
  2319 | D:3      | 2319 ||| FLEEEEING.
  2320 | D:3      | 2320 ||| FLEEEEING.
  2321 | D:3      | 2321 ||| FLEEEEING.
  2328 | D:3      | 2328 ||| FLEEEEING.
  2333 | D:3      | 2333 ||| STAIRDANCE
  2540 | D:3      | Noticed Natasha
  2549 | D:3      | HP: 3/26 [Natasha (4)]
  2553 | D:3      | Slain by Natasha

Levels and vault maps discovered:
D:1:      dpeg_arrival_tiny_h, layout_loops_ring, serial_shops, shop
D:2:      layout_basic, shapermc_ecumenical_altar_mp_vishouse
D:3:      layout_basic, mainiacjoe_overflow_24_doors, uniq_robin, uniq_natasha,
          uniq_sigmund

Skill      XL: |  1  2  3  4 |
---------------+-------------+-----
Axes           | 3 4 5 |  5.1
Fighting       | |  2.0
Throwing       | |  1.0
Armour         | |  1.1
Dodging        | |  2.1
Spellcasting   | |  2.0
Translocations | |  2.4

Action                   |  1- 3 |  4- 6 || total
-------------------------+-------+-------++-------
Melee: Hand axe          |    73 |    18 ||    91
       Peck              |    15 |     1 ||    16
       Kick              |    20 |     4 ||    24
Throw: Boomerang         |     8 |     5 ||    13
  Use: Scroll            |     3 |     3 ||     6
Armor: Leather armour    |    12 |       ||    12
       Scale mail        |       |     6 ||     6
Dodge: Dodged            |    46 |     5 ||    51

Table legend:
 A = Non-vault XP
 B = Vault XP
 C = Vault XP percentage of total XP
 D = Non-vault monster count
 E = Vault monster count
 F = Vault count percentage of total count
                 A         B        C        D         E       F
            +---------+---------+-------+---------+---------+-------
      Total |      89 |      35 |  28.2 |      45 |       1 |   2.2
            +---------+---------+-------+---------+---------+-------
        D:1 |      52 |       0 |   0.0 |      23 |       0 |   0.0
        D:2 |      30 |       0 |   0.0 |      17 |       0 |   0.0
        D:3 |       7 |      35 |  83.3 |       5 |       1 |  16.7
            +---------+---------+-------+---------+---------+-------
